 Dungeon Crawl Stone Soup version 0.18-a0-1773-gec4f98e (webtiles) character file.

84 epen the Slasher (level 4, -8/39 HPs)
             Began as a Naga Gladiator on Apr 14, 2016.
             Mangled by Crazy Yiuf
             ... wielding a +3 quarterstaff of chaos
              (18 damage)
             ... on level 2 of the Dungeon.
             The game lasted 00:02:24 (2066 turns).

epen the Slasher (Naga Gladiator)                   Turns: 2066, Time: 00:02:25

Health: -8/39      AC:  3    Str: 19    XL:     4   Next: 46%
Magic:  4/4        EV: 10    Int:  8    God:
Gold:   94         SH:  0    Dex: 11    Spells: 0 memorised, 3 levels left

rFire  . . .     SeeInvis +     a - +0 long sword
rCold  . . .     Gourm    .     b - +0 leather armour
rNeg   . . .     Faith    .     (no shield)
rPois  +         Spirit   .     c - +0 helmet
rElec  .         Dismiss  .     (no cloak)
rCorr  .         Reflect  .     (no gloves)
SustAt .         Harm     .     (no barding)
MR     .....                    (no amulet)
Stlth  ++........               (no ring)
                                (no ring)

@: short of breath, drained, very slow, not resistant to hostile enchantments,
unstealthy
A: see invisible, deformed body, poison resistance, slowness 2, slow metabolism
1, spit poison 2, AC +1
a: Spit Poison


You were on level 2 of the Dungeon.
You were hungry.

You visited 1 branch of the dungeon, and saw 2 of its levels.

You collected 94 gold pieces.

Inventory:

Hand Weapons
 a - a +0 long sword (weapon)
Missiles
 d - 3 throwing nets (quivered)
Armour
 b - a +0 leather armour (worn)
 c - a +0 helmet (worn)
 e - a +0 scale mail
Scrolls
 h - 3 scrolls of remove curse {unknown}
 j - a scroll of magic mapping {unknown}
 k - 5 scrolls of identify {unknown}
 m - 2 scrolls of recharging {unknown}
Potions
 g - 2 potions of lignification {unknown}
 l - a potion of might
 n - a potion of curing {unknown}
 o - 2 potions of magic {unknown}
 q - a potion of resistance {unknown}
 r - a potion of beneficial mutation {unknown}
Comestibles
 f - a bread ration
 i - a meat ration
 p - a slice of pizza


   Skills:
 - Level 2.0(1.6) Fighting
 * Level 3.8(3.4) Long Blades
 - Level 1.7(1.4) Throwing
 * Level 3.1(2.7) Dodging
 + Level 3.4(3.0) Stealth


You had 3 spell levels left.
You didn't know any spells.

Dungeon Overview and Level Annotations

Branches:
Dungeon (2/15)

Altars:

Annotations:
D:2 Crazy Yiuf


Innate Abilities, Weirdness & Mutations

You cannot wear boots.
Your serpentine skin is tough (AC +1).
You have supernaturally acute eyesight.
Armour fits poorly on your strangely shaped body.
Your system is resistant to poisons.
You cover ground very slowly.
You have a slow metabolism.
You can spit poison.


Message History

Crazy Yiuf barely misses you.
You barely miss Crazy Yiuf. Crazy Yiuf misses you.
You hit Crazy Yiuf.
Crazy Yiuf is lightly wounded.
Crazy Yiuf hits you with a quarterstaff of chaos!
Crazy Yiuf burns you.
You slash Crazy Yiuf!
Crazy Yiuf is heavily wounded.
Crazy Yiuf says, "Leather!
Adder poople tortoise."
Crazy Yiuf hits you with a quarterstaff of chaos!
You feel drained.
* * * LOW HITPOINT WARNING * * *
Press: ? - help, Shift-Dir - straight line, f/p - Crazy Yiuf
Aim: Crazy Yiuf, wielding a quarterstaff of chaos and wearing a cloak (heavily wounded, unusually strong)
The splash of poison hits Crazy Yiuf.
Crazy Yiuf is poisoned.
Crazy Yiuf is almost dead.
You feel slightly more hungry.
Crazy Yiuf whimpers, "Nubble!
Mountain tortoise arga."
Crazy Yiuf hits you with a quarterstaff of chaos!!
You die...

#........####+..+#
#.# ##'#######
#....# #..
#.###...# #....#
#### #.......#
##.#.# #...
#.......# ##.##
#... #.......#
##.# #...
#.###...# #.##
#### #.# #...#
##.# #.# #...#
#@## #.# #...# #g#
#.####..# ...
#.#.....# #...#
#.#.....# #)..#
#.......# #####
###########
######..#
#.........#
#.....####
#.........#
#........#
#.........#


You could see Crazy Yiuf.

Vanquished Creatures
  An adder (D:2)
  An ooze (D:2)
  2 worms (D:2)
  A dart slug (D:1)
  3 giant geckos (D:1)
  3 bats
  3 giant cockroaches
  10 hobgoblins
  4 jackals (D:2)
  A quokka (D:2)
  A ball python (D:1)
  3 giant newts
  6 goblins
  10 kobolds
  8 rats
57 creatures vanquished.

Vanquished Creatures (others)
  5 plants (D:1)
5 creatures vanquished.

Grand Total: 62 creatures vanquished

Notes
Turn   | Place    | Note
--------------------------------------------------------------
     0 | D:1      | epen the Naga Gladiator began the quest for the Orb.
     0 | D:1      | Reached XP level 1. HP: 19/19 MP: 1/1
   266 | D:1      | Reached skill level 1 in Stealth
   266 | D:1      | Reached XP level 2. HP: 26/26 MP: 2/2
   932 | D:1      | Reached XP level 3. HP: 32/32 MP: 3/3
  1520 | D:2      | Reached XP level 4. HP: 23/39 MP: 4/4
  2055 | D:2      | Noticed Crazy Yiuf
  2066 | D:2      | Mangled by Crazy Yiuf

Vault maps used:
D:1:      lightli_arrival_flooded_house, lexackson_kobold_supper
D:2:      minmay_mini_jars, uniq_crazy_yiuf_cottage

Skill      XL: |  1  2  3 |
---------------+----------+-----
Stealth        | 1 3 |  3.4
Dodging        | 3 |  3.1
Fighting       | |  2.0
Long Blades    | |  3.8
Throwing       | |  1.7

Action                   |  1- 3 |  4- 6 || total
-------------------------+-------+-------++-------
Melee: Long sword        |   117 |    47 ||   164
 Abil: Spit Poison       |       |     3 ||     3
 Stab: Sleeping          |     3 |     2 ||     5
  Eat: Chunk             |     1 |     1 ||     2
Armor: Leather armour    |    45 |    14 ||    59
Dodge: Dodged            |    97 |    38 ||   135
